PAA
ATLANTIC CITY SONICS @ MINNESOTA LOONS
08/31/2037
 
TOP OF THE 1ST
Atlantic City Sonics batting - Pitching for Minnesota Loons : RHP Martyn Drdio
Pitching: RHP Martyn Drdio
Batting: LHB António Casas 0-0: Ball
1-0: SINGLE (Groundball, 4MD, EV 108.1 MPH)
Batting: LHB Guan-pei Bei 0-0: Fly out, F8 (Flyball, 8RD, EV 90.0 MPH)
Runner from 1st tags up, SAFE at 2nd
Batting: LHB Todd Bonzalez 0-0: Swinging Strike
0-1: Called Strike
0-2: Ball
1-2: Ground out 1-3 (Groundball, 15S, EV 69.4 MPH)
Batting: LHB Bill Stanton 0-0: Ball
1-0: Foul Ball, location: 2F
1-1: SINGLE (Line Drive, 56D, EV 96.9 MPH)
António Casas to third
Runner from 3rd tries for Home, SAFE, no throw by LF
Batting: RHB Gary Jenkins 0-0: Ball
1-0: Ball
2-0: Ball
3-0: Base on Balls
Bill Stanton to second
Batting: RHB Luke Kreijling 0-0: Swinging Strike
0-1: Ball
1-1: SINGLE (Groundball, 34D, EV 94.4 MPH)
Bill Stanton to third
Gary Jenkins to second
Runner from 3rd tries for Home, SAFE, throw by RF to home
Batting: RHB Zacarías Salazar 0-0: Ground out U3 (Groundball, 3, EV 88.8 MPH)
Top of the 1st over - 2 runs, 3 hits, 0 errors, 2 left on base; Atlantic City 2 - Minnesota 0
BOTTOM OF THE 1ST
Minnesota Loons batting - Pitching for Atlantic City Sonics : RHP Abakada Mana
Pitching: RHP Abakada Mana
Batting: RHB Javier Vázquez 0-0: SINGLE (Groundball, 6MD, EV 98.1 MPH)
Batting: RHB Salvador Gisbert 0-0: Ball
Javier Vázquez steals 2nd base
1-0: Ball
2-0: Ground out 5-3 (Groundball, 56S, EV 81.9 MPH)
Batting: RHB Igme Samson 0-0: Ball
1-0: Foul Ball, location: 2F
1-1: Ground out 4-3 (Groundball, 4, EV 83.1 MPH)
Javier Vázquez to third
Batting: LHB Mauro López 0-0: Ball
1-0: Foul Ball, location: 2F
1-1: Ball
2-1: Ball
3-1: Base on Balls
Batting: RHB Kao-tsu Koo 0-0: Ball
1-0: Called Strike
1-1: Ball
2-1: Called Strike
2-2: Foul Ball, location: 2F
2-2: SINGLE (Groundball, 56D, EV 95.6 MPH)
Javier Vázquez scores
Mauro López to second
Runner from 2nd tries for 3rd, SAFE, throw by LF made to third
Batting: RHB Jason Watts 0-0: SINGLE (Groundball, 56D, EV 97.5 MPH)
Mauro López scores
Kao-tsu Koo to second
Batting: RHB Manny Moons 0-0: Called Strike
0-1: Ball
1-1: Fly out, F9 (Flyball, 9, EV 80.6 MPH)
Bottom of the 1st over - 2 runs, 3 hits, 0 errors, 2 left on base; Atlantic City 2 - Minnesota 2
TOP OF THE 2ND
Atlantic City Sonics batting - Pitching for Minnesota Loons : RHP Martyn Drdio
Batting: RHB Luis Rodríguez 0-0: Ball
1-0: Called Strike
1-1: Swinging Strike
1-2: SINGLE (Groundball, 4D, EV 95.6 MPH)
Batting: RHB Sergio Zacagnini 0-0: Ball
1-0: Swinging Strike
1-1: Grounds into double play, 5-4-3 (Groundball, 56, EV 88.1 MPH)
Batting: LHB António Casas 0-0: Ball
1-0: Ground out 6-3 (Groundball, 56, EV 96.9 MPH)
Top of the 2nd over - 0 runs, 1 hit, 0 errors, 0 left on base; Atlantic City 2 - Minnesota 2
BOTTOM OF THE 2ND
Minnesota Loons batting - Pitching for Atlantic City Sonics : RHP Abakada Mana
Batting: RHB John Lester 0-0: Ball
1-0: Ball
2-0: Called Strike
2-1: Fly out, F5 (Popup, 5S, EV 80.0 MPH)
Batting: SHB Milojica Kordic 0-0: Called Strike
0-1: Ball
1-1: Ball
2-1: Foul Ball, location: 2F
2-2: Fly out, F8 (Flyball, 89D, EV 98.1 MPH)
Batting: RHB Javier Vázquez 0-0: Swinging Strike
0-1: Called Strike
0-2: Fly out, F8 (Flyball, 8LM, EV 95.0 MPH)
Bottom of the 2nd over - 0 runs, 0 hits, 0 errors, 0 left on base; Atlantic City 2 - Minnesota 2
TOP OF THE 3RD
Atlantic City Sonics batting - Pitching for Minnesota Loons : RHP Martyn Drdio
Batting: LHB Guan-pei Bei 0-0: Called Strike
0-1: SINGLE (Line Drive, 56D, EV 95.6 MPH)
Batting: LHB Todd Bonzalez 0-0: Ball
1-0: Foul Ball, location: 2F
1-1: Ball
2-1: Ball
3-1: Swinging Strike
3-2: Fly out, F7 (Flyball, 7LSF, EV 90.0 MPH)
Batting: LHB Bill Stanton 0-0: Called Strike
0-1: Called Strike
0-2: Ball
1-2: Fly out, F9 (Flyball, 9LSF, EV 85.6 MPH)
Batting: RHB Gary Jenkins 0-0: Swinging Strike
0-1: Foul Ball, location: 2F
0-2: Ball
1-2: Foul Ball, location: 2F
1-2: Foul Ball, location: 2F
1-2: 2-RUN HOME RUN (Flyball, 7D, EV 96.9 MPH), Distance : 363 ft
Batting: RHB Luke Kreijling 0-0: Ball
1-0: Called Strike
1-1: Fly out, F9 (Flyball, 9LS, EV 87.5 MPH)
Top of the 3rd over - 2 runs, 2 hits, 0 errors, 0 left on base; Atlantic City 4 - Minnesota 2
BOTTOM OF THE 3RD
Minnesota Loons batting - Pitching for Atlantic City Sonics : RHP Abakada Mana
Batting: RHB Salvador Gisbert 0-0: Called Strike
0-1: Foul Ball, location: 2F
0-2: Ball
1-2: Ball
2-2: Foul Ball, location: 2F
2-2: Strikes out swinging
Batting: RHB Igme Samson 0-0: Foul Ball, location: 2F
0-1: Ball
1-1: Ball
2-1: Ground out 5-3 (Groundball, 56, EV 103.1 MPH)
Batting: LHB Mauro López 0-0: Called Strike
0-1: Foul Ball, location: 2F
0-2: Ball
1-2: SOLO HOME RUN (Line Drive, 7D, EV 101.2 MPH), Distance : 353 ft
Batting: RHB Kao-tsu Koo 0-0: Called Strike
0-1: Fly out, F7 (Flyball, 78M, EV 88.8 MPH)
Bottom of the 3rd over - 1 run, 1 hit, 0 errors, 0 left on base; Atlantic City 4 - Minnesota 3
TOP OF THE 4TH
Atlantic City Sonics batting - Pitching for Minnesota Loons : RHP Martyn Drdio
Batting: RHB Zacarías Salazar 0-0: Swinging Strike
0-1: Ball
1-1: SINGLE (Line Drive, 56D, EV 94.4 MPH)
Batting: RHB Luis Rodríguez 0-0: Fly out, F9 (Flyball, 9S, EV 84.4 MPH)
Batting: RHB Sergio Zacagnini 0-0: SINGLE (Line Drive, 56D, EV 98.8 MPH)
Zacarías Salazar to second
Batting: LHB António Casas 0-0: Ball
1-0: Fielders Choice at 2nd, 3-6 (Groundball, 3, EV 91.9 MPH)
Zacarías Salazar to third
Batting: LHB Guan-pei Bei 0-0: Ball
1-0: Ball
António Casas steals 2nd base
2-0: Foul Ball, location: 2F
2-1: Swinging Strike
2-2: Foul Ball, location: 2F
2-2: Fly out, F9 (Flyball, 9LSF, EV 90.0 MPH)
Top of the 4th over - 0 runs, 2 hits, 0 errors, 2 left on base; Atlantic City 4 - Minnesota 3
BOTTOM OF THE 4TH
Minnesota Loons batting - Pitching for Atlantic City Sonics : RHP Abakada Mana
Batting: RHB Jason Watts 0-0: Bunted foul
0-1: Ball
1-1: Ground out 6-3 (Groundball, 6, EV 88.8 MPH)
Batting: RHB Manny Moons 0-0: Called Strike
0-1: Foul Ball, location: 2F
0-2: Ball
1-2: Foul Ball, location: 2F
1-2: Ground out 6-3 (Groundball, 6S, EV 90.6 MPH)
Batting: RHB John Lester 0-0: Bunted foul
0-1: Swinging Strike
0-2: Foul Ball, location: 2F
0-2: Foul Ball, location: 2F
0-2: Foul Ball, location: 2F
0-2: Ball
1-2: Fly out, F4 (Popup, 4MD, EV 28.8 MPH)
Bottom of the 4th over - 0 runs, 0 hits, 0 errors, 0 left on base; Atlantic City 4 - Minnesota 3
TOP OF THE 5TH
Atlantic City Sonics batting - Pitching for Minnesota Loons : RHP Martyn Drdio
Batting: LHB Todd Bonzalez 0-0: DOUBLE (Line Drive, 7LD, EV 95.0 MPH) - OUT at third base trying to stretch hit.
Batting: LHB Bill Stanton 0-0: Ball
1-0: SINGLE (Groundball, 4MD, EV 100.6 MPH)
Batting: RHB Gary Jenkins 0-0: Ball
1-0: Ball
2-0: Ball
3-0: Called Strike
3-1: Fly out, F9 (Flyball, 89M, EV 79.4 MPH)
Batting: RHB Luke Kreijling 0-0: Fly out, F8 (Flyball, 8LM, EV 90.6 MPH)
Top of the 5th over - 0 runs, 2 hits, 0 errors, 1 left on base; Atlantic City 4 - Minnesota 3
BOTTOM OF THE 5TH
Minnesota Loons batting - Pitching for Atlantic City Sonics : RHP Abakada Mana
Batting: SHB Milojica Kordic 0-0: Foul Ball, location: 2F
0-1: Ball
1-1: Ball
2-1: Fly out, F5 (Popup, 56, EV 77.5 MPH)
Pitching: RHP Guillermo Santana
Batting: RHB Javier Vázquez 0-0: Foul Ball, location: 2F
0-1: Ball
1-1: Ball
2-1: Ball
3-1: Base on Balls
Batting: RHB Salvador Gisbert 0-0: Ball
1-0: Ball
2-0: Called Strike
2-1: Foul Ball, location: 2F
2-2: Foul Ball, location: 2F
2-2: SINGLE (Groundball, 6MD, EV 95.0 MPH)
Javier Vázquez to second
Runner from 2nd tries for 3rd, SAFE after rundown.
Batting: RHB Igme Samson 0-0: Ball
1-0: Ball
2-0: Ball
3-0: Base on Balls
Salvador Gisbert to second
Batting: LHB Mauro López 0-0: Fielders Choice at 2nd, 3-6 (Groundball, 3, EV 83.8 MPH)
Javier Vázquez scores
Salvador Gisbert to third
Batting: RHB Kao-tsu Koo 0-0: Called Strike
0-1: Ball
1-1: Ball
2-1: Foul Ball, location: 2F
2-2: Ball
3-2: Fly out, F3 (Popup, 3S, EV 74.4 MPH)
Bottom of the 5th over - 1 run, 1 hit, 0 errors, 2 left on base; Atlantic City 4 - Minnesota 4
TOP OF THE 6TH
Atlantic City Sonics batting - Pitching for Minnesota Loons : RHP Martyn Drdio
Batting: RHB Zacarías Salazar 0-0: Called Strike
0-1: Ball
1-1: Swinging Strike
1-2: Ball
2-2: Strikes out swinging
Batting: RHB Luis Rodríguez 0-0: Fly out, F8 (Line Drive, 8LM, EV 95.0 MPH)
Batting: RHB Sergio Zacagnini 0-0: Swinging Strike
0-1: Foul Ball, location: 2F
0-2: Ball
1-2: Strikes out swinging
Top of the 6th over - 0 runs, 0 hits, 0 errors, 0 left on base; Atlantic City 4 - Minnesota 4
BOTTOM OF THE 6TH
Minnesota Loons batting - Pitching for Atlantic City Sonics : RHP Guillermo Santana
Batting: RHB Jason Watts 0-0: Ground out 5-3 (Groundball, 5L, EV 84.4 MPH)
Batting: RHB Manny Moons 0-0: Ground out 6-3 (Groundball, 6, EV 85.0 MPH)
Batting: RHB John Lester 0-0: Called Strike
0-1: Ball
1-1: Called Strike
1-2: Ball
2-2: SINGLE (Groundball, 34D, EV 108.1 MPH)
Batting: SHB Milojica Kordic 0-0: Called Strike
0-1: Called Strike
0-2: Ball
1-2: 2-RUN HOME RUN (Flyball, 7D, EV 106.2 MPH), Distance : 366 ft
Pitching: RHP Ken Kimberlin
Batting: RHB Javier Vázquez 0-0: Ball
1-0: Foul Ball, location: 2F
1-1: Ball
2-1: Ball
3-1: Called Strike
3-2: Base on Balls
Batting: RHB Salvador Gisbert 0-0: Ball
1-0: Foul Ball, location: 2F
1-1: Foul Ball, location: 2F
1-2: Fly out, F9 (Flyball, 9S, EV 85.0 MPH)
Bottom of the 6th over - 2 runs, 2 hits, 0 errors, 1 left on base; Atlantic City 4 - Minnesota 6
TOP OF THE 7TH
Atlantic City Sonics batting - Pitching for Minnesota Loons : RHP Martyn Drdio
Pitching: LHP Ricardo Ramírez
Batting: LHB António Casas 0-0: Ball
1-0: Ball
2-0: Called Strike
2-1: SINGLE (Groundball, 6MD, EV 105.6 MPH)
Batting: LHB Guan-pei Bei 0-0: Called Strike
António Casas steals 2nd base
0-1: Fly out, F7 (Line Drive, 7, EV 96.9 MPH)
Batting: LHB Todd Bonzalez 0-0: Ball
1-0: Called Strike
António Casas steals 3rd base
1-1: Foul Ball, location: 2F
1-2: Ball
2-2: Ball
3-2: Foul Ball, location: 2F
3-2: Base on Balls
Batting: LHB Bill Stanton 0-0: Ball
1-0: Ball
2-0: Called Strike
2-1: Called Strike
2-2: Grounds into double play, 2-6-3 (Groundball, 2R, EV 73.8 MPH)
Top of the 7th over - 0 runs, 1 hit, 0 errors, 1 left on base; Atlantic City 4 - Minnesota 6
BOTTOM OF THE 7TH
Minnesota Loons batting - Pitching for Atlantic City Sonics : RHP Ken Kimberlin
Batting: RHB Igme Samson 0-0: Ball
1-0: Ball
2-0: Called Strike
2-1: Swinging Strike
2-2: Ground out 5-3 (Groundball, 56, EV 81.2 MPH)
Batting: LHB Mauro López 0-0: SINGLE (Groundball, 3D, EV 102.5 MPH)
Batting: RHB Kao-tsu Koo 0-0: Called Strike
0-1: Foul Ball, location: 2F
0-2: Ball
1-2: Ball
2-2: Foul Ball, location: 2F
2-2: Strikes out looking
Batting: RHB Jason Watts 0-0: Ball
Mauro López is caught stealing 2nd base 2-4
Bottom of the 7th over - 0 runs, 1 hit, 0 errors, 0 left on base; Atlantic City 4 - Minnesota 6
TOP OF THE 8TH
Atlantic City Sonics batting - Pitching for Minnesota Loons : LHP Ricardo Ramírez
Batting: RHB Gary Jenkins 0-0: Called Strike
0-1: Ball
1-1: Foul Ball, location: 2F
1-2: Ball
2-2: Ground out 5-3 (Groundball, 5L, EV 85.0 MPH)
Batting: RHB Luke Kreijling 0-0: Foul Ball, location: 2F
0-1: Foul Ball, location: 2F
0-2: Strikes out swinging
Batting: RHB Zacarías Salazar 0-0: Called Strike
0-1: Fly out, F4 (Popup, 4M, EV 61.2 MPH)
Top of the 8th over - 0 runs, 0 hits, 0 errors, 0 left on base; Atlantic City 4 - Minnesota 6
BOTTOM OF THE 8TH
Minnesota Loons batting - Pitching for Atlantic City Sonics : RHP Ken Kimberlin
Batting: RHB Jason Watts 0-0: Called Strike
0-1: Swinging Strike
0-2: Foul Ball, location: 2F
0-2: Strikes out swinging
Batting: RHB Manny Moons 0-0: Ball
1-0: Swinging Strike
1-1: Swinging Strike
1-2: Ball
2-2: Ground out 4-3 (Groundball, 4, EV 87.5 MPH)
Batting: RHB John Lester 0-0: Foul Ball, location: 2F
0-1: Fly out, F4 (Popup, 3S, EV 76.2 MPH)
Bottom of the 8th over - 0 runs, 0 hits, 0 errors, 0 left on base; Atlantic City 4 - Minnesota 6
TOP OF THE 9TH
Atlantic City Sonics batting - Pitching for Minnesota Loons : LHP Ricardo Ramírez
Batting: RHB Luis Rodríguez 0-0: Fly out, F1 (Line Drive, P, EV 76.2 MPH)
Batting: RHB Sergio Zacagnini 0-0: Foul Ball, location: 2F
0-1: Ball
1-1: Ball
2-1: Called Strike
2-2: Strikes out swinging
Batting: LHB António Casas 0-0: Foul Ball, location: 2F
0-1: Swinging Strike
0-2: Ball
1-2: Ball
2-2: Ground out U3 (Groundball, 34, EV 85.0 MPH)
Top of the 9th over - 0 runs, 0 hits, 0 errors, 0 left on base; Atlantic City 4 - Minnesota 6
Thursday, January 23rd, 2020 - OOTP Baseball 20.8 Build 74